 Dungeon Crawl Stone Soup version 0.30.0-11-gf55b779eaf (webtiles) character file.

Game seed: 7857389622495840896

613 Edyrem the Poker (level 7, -1/59 HPs)
             Began as a Merfolk Fighter on May 16, 2023.
             Slain by a yak (10 damage)
             ... on level 4 of the Dungeon.
             The game lasted 00:07:27 (3174 turns).

Edyrem the Poker (Merfolk Fighter)                  Turns: 3174, Time: 00:07:27

Health: -1/59      AC:  7    Str: 17    XL:     7   Next: 44%
Magic:  7/7        EV:  9    Int:  9    God:
Gold:   126        SH:  5    Dex: 19    Spells: 6/6 levels left

rFire   . . .        a - +0 trident
rCold   . . .        c - +0 buckler
rNeg    . . .        b - +0 scale mail
rPois   .            (no helmet)
rElec   .            (no cloak)
rCorr   .            o - +0 pair of gloves
SInv    .            (no boots)
Will    .....        (no amulet) Stlth
                     i - +6 ring of dexterity
HPRegen 0.29/turn    (no ring)
MPRegen 0.10/turn

%: no passive effects
@: no status effects
A: (nimble swimmer 2), mertail
a: no special abilities


You were on level 4 of the Dungeon.
You visited 1 branch of the dungeon, and saw 4 of its levels.

You collected 186 gold pieces.
You spent 60 gold pieces at shops.

Inventory:

Hand Weapons
 a - a +0 trident (weapon)
Missiles
 p - 5 boomerangs (quivered)
 v - 3 poisoned darts
Armour
 b - a +0 scale mail (worn)
 c - a +0 buckler (worn)
 o - a +0 pair of gloves (worn)
Jewellery
 i - a +6 ring of dexterity (left hand)
Scrolls
 e - 4 scrolls of vulnerability {unknown}
 g - a scroll of poison {unknown}
 j - a scroll of silence {unknown}
 l - 3 scrolls of identify {unknown}
 m - 2 scrolls of enchant armour {unknown}
 q - 2 scrolls of teleportation {unknown}
 t - a scroll of torment {unknown}
 u - a scroll of blinking {unknown}
 w - a scroll of immolation {unknown}
Potions
 d - 2 potions of might
 f - 2 potions of resistance {unknown}
 h - a potion of haste {unknown}
 k - a potion of heal wounds {@q1}
 n - a potion of flight {unknown}
 r - a potion of attraction {unknown}
 s - a potion of mutation {unknown}


   Skills:
 - Level 6.5 Fighting
 - Level 7.3 Polearms
 + Level 2.9 Armour
 - Level 3.0 Shields


You had 6 spell levels left.
You didn't know any spells.
Your spell library was empty.

Dungeon Overview and Level Annotations

Branches:
Dungeon (4/15)
 Temple: D:4-7

Altars:
Fedhas
Vehumet
The Shining One

Shops:
D:1 !


Innate Abilities, Weirdness & Mutations

((You are very nimble when in or above water. (Stealth+, EV+, Speed+++)))
Your lower body shifts to a powerful aquatic tail in water.


Message History

The yak closely misses you.
You hit the yak.
The yak is heavily wounded.
The yak gores you!
You hit the yak.
The yak is heavily wounded.
The yak gores you but does no damage.
You hit the yak.
The yak is severely wounded.
The yak gores you!
You barely miss the yak.
The yak is severely wounded.
The yak barely misses you.
You hit the yak but do no damage.
The yak is heavily wounded.
The yak gores you but does no damage.
You hit the yak.
The yak is severely wounded.
You block the yak's attack.
You puncture the yak!
The yak is almost dead.
The yak gores you but does no damage.
You hit the yak.
The yak is almost dead.
The yak gores you.
You barely miss the yak.
The yak is almost dead.
The yak closely misses you.
You hit the yak.
The yak is almost dead.
The yak gores you!
* * * LOW HITPOINT WARNING * * *
You hit the yak but do no damage.
The yak is almost dead.
The yak gores you.
* * * LOW HITPOINT WARNING * * *
You barely miss the yak.
The yak is almost dead.
The yak gores you!
You die...

..
#.......##
..
##....#.#
#.
#....#)#
#.
#....#.#
#Y####
#....#.#
#....###
##..###.#
####...#
#..## #.#
###Y# #.##
#.# #@#
#.# #.#
#.###.#
#.#
#..>..#
#.#
###.###
#.# #.#
#.# #.#
#.#


You could see a yak.

Vanquished Creatures
  3 yaks (D:3)
  A kobold brigand (D:4)
  A jelly (D:4)
  4 adders (D:2)
  A dart slug (D:2)
  3 orcs (D:4)
  6 ball pythons
  2 bats (D:1)
  3 endoplasms
  5 giant cockroaches
  5 goblins
  7 hobgoblins
  3 kobolds
  2 quokkas
  4 frilled lizards
50 creatures vanquished.

Notes
Turn   | Place    | Note
-------+----------+-------------------------------------------
     0 | D:1      | Edyrem the Merfolk Fighter began the quest for the Orb.
     0 | D:1      | Reached XP level 1. HP: 18/18 MP: 1/1
    79 | D:1      | Reached skill level 3 in Polearms
   128 | D:1      | Reached XP level 2. HP: 22/24 MP: 2/2
   410 | D:1      | Reached XP level 3. HP: 30/30 MP: 3/3
   449 | D:1      | Found Dathryjelo's Distillery.
   456 | D:1      | Bought a potion of heal wounds for 50 gold pieces
   456 | D:1      | Bought a potion of degeneration for 10 gold pieces
   770 | D:2      | Reached skill level 4 in Polearms
   861 | D:2      | Reached XP level 4. HP: 35/38 MP: 4/4
  1937 | D:3      | Found a glowing golden altar of the Shining One.
  1943 | D:3      | Found a blossoming altar of Fedhas.
  2094 | D:3      | Found a radiant altar of Vehumet.
  2337 | D:4      | Noticed a yak
  2338 | D:4      | Noticed a yak
  2339 | D:4      | Noticed a yak
  2339 | D:4      | Noticed a yak
  2715 | D:3      | Killed a yak
  2716 | D:3      | Reached skill level 5 in Fighting
  2716 | D:3      | Reached skill level 6 in Polearms
  2716 | D:3      | Reached XP level 5. HP: 29/44 MP: 5/5
  2716 | D:3      | Reached XP level 6. HP: 34/51 MP: 6/6
  2721 | D:3      | Killed a yak
  2804 | D:3      | Killed a yak
  2805 | D:3      | Reached skill level 7 in Polearms
  2805 | D:3      | Reached XP level 7. HP: 31/59 MP: 7/7
  3174 | D:4      | Slain by a yak

Illustrated notes

Levels and vault maps discovered:
D:1:      spicycebolla_arrival_ecumenical, layout_loops_ring, serial_forest,
          infiniplex_forest_clump_diagonal, infiniplex_forest_lined_room_3,
          infiniplex_forest_clump_cross, infiniplex_forest_end_double,
          infiniplex_forest_straight_2, infiniplex_forest_end_double,
          infiniplex_forest_clump_tiny, infiniplex_forest_clump_diagonal,
          serial_shops, nicolae_shop_statue_plus, st_stairs_12
D:2:      layout_basic
D:3:      layout_rooms, nicolae_vehumet_radiance, grunt_temple_overflow_open,
          serial_rivers, chequers_serial_rivers_micro_c,
          chequers_serial_rivers_room_a, chequers_serial_rivers_large_a,
          chequers_serial_rivers_room_b, chequers_serial_rivers_small_a
D:4:      layout_basic, chequers_serial_rivers_small_a,
          kennysheep_cross_bottleneck, minmay_small_thing

Skill      XL: |  1  2  3  4  5  6 |
---------------+-------------------+-----
Polearms       | 3 4 6 7 |  7.3
Fighting       | 4 5 6 |  6.5
Armour         | |  2.9
Shields        | |  3.0

Action                     |  1- 3 |  4- 6 |  7- 9 || total
---------------------------+-------+-------+-------++-------
  Melee: Trident           |    94 |   112 |    45 ||   251
         Tailslap          |       |     1 |       ||     1
    Use: Potion            |       |       |     1 ||     1
 Armour: Scale mail        |    25 |    18 |     7 ||    50
  Dodge: Dodged            |    27 |    31 |    11 ||    69
  Block: Buckler           |    19 |    13 |     6 ||    38
